 Dungeon Crawl Stone Soup version 0.21-a0-279-g6037ffb (webtiles) character file.

518 tilp the Firebug (level 7, -2/50 HPs)
             Began as a Hill Orc Fire Elementalist on Sept 23, 2017.
             Shot with an arrow by a centaur (17 damage)
             ... on level 6 of the Dungeon.
             The game lasted 00:16:05 (6211 turns).

tilp the Firebug (Hill Orc Fire Elementalist)       Turns: 6211, Time: 00:16:05

Health: -2/50      AC:  2    Str: 11    XL:     7   Next: 21%
Magic:  6/11       EV: 12    Int: 17    God:
Gold:   291        SH:  0    Dex: 11    Spells: 2/12 levels left

rFire    . . .     SeeInvis .   a - +2 short sword (speed)
rCold    . . .     Gourm    .   (no shield)
rNeg     . . .     Faith    .   e - +0 robe
rPois    .         Spirit   .   (no helmet)
rElec    .         Reflect  .   (no cloak)
rCorr    .         Harm     .   (no gloves)
MR       .....                  (no boots)
Stlth    ++........             (no amulet)
HPRegen  0.16/turn              (no ring)
MPRegen  0.12/turn              (no ring)

@: very slightly contaminated
A: no striking features
a: no special abilities


You were on level 6 of the Dungeon.
You were not hungry.

You visited 1 branch of the dungeon, and saw 6 of its levels.

You collected 291 gold pieces.

Inventory:

Hand Weapons
 a - a +2 short sword of speed (weapon)
 b - a +3 hunting sling
 y - a +1 dagger of freezing
 G - a +0 dagger of venom
 H - a cursed -2 dagger
Missiles
 t - 33 sling bullets
 z - 12 tomahawks (quivered)
Armour
 e - a +0 robe (worn)
 o - a +2 shield
Scrolls
 i - 2 scrolls of magic mapping {unknown}
 j - 4 scrolls of enchant weapon {unknown}
 l - 6 scrolls of identify {unknown}
 m - 4 scrolls of remove curse {unknown}
 u - 2 scrolls of teleportation {unknown}
 D - a scroll of amnesia {unknown}
 E - a scroll of enchant armour {unknown}
 I - 3 scrolls of fog {unknown}
Potions
 d - 2 potions of invisibility {unknown}
 g - a potion of ambrosia {unknown}
 n - 2 potions of might {unknown}
 p - a potion of degeneration {unknown}
 q - 2 potions of heal wounds {unknown}
 r - a potion of mutation {unknown}
 v - a potion of haste {unknown}
 x - a potion of curing {unknown}
 A - a potion of flight {unknown}
 B - a potion of magic {unknown}
 C - a potion of lignification {unknown}
 F - a potion of berserk rage {unknown}
Books
 w - a book of Flames

   Spells                             Type                      Level
   a - Flame Tongue                   Conjuration/Fire             1
   b - Throw Flame                    Conjuration/Fire             2
   c - Conjure Flame                  Conjuration/Fire             3
   d - Inner Flame                    Hexes/Fire                   3
   e - Sticky Flame                   Conjuration/Fire             4
   f - Fireball                       Conjuration/Fire             5
Comestibles
 c - 5 bread rations
 f - 10 fruits
 h - 3 meat rations
 k - a chunk of flesh


   Skills:
 - Level 1.5 Dodging
 - Level 1.5 Stealth
 + Level 3.2 Spellcasting
 + Level 4.3 Conjurations
 + Level 5.9 Fire Magic


You had 2 spell levels left.
You knew the following spells:

 Your Spells              Type           Power        Failure   Level  Hunger
a - Flame Tongue          Conj/Fire      ###..        1%          1    None
b - Throw Flame           Conj/Fire      ###...       3%          2    ##.....
c - Conjure Flame         Conj/Fire      ###.....     6%          3    ###....
d - Sticky Flame          Conj/Fire      ###.....     21%         4    ####...


Dungeon Overview and Level Annotations

Branches:
Dungeon (6/15)
 Temple: D:4-7

Altars:
Cheibriados
Hepliaklqana
Kikubaaqudgha
Uskayaw
The Shining One

Annotations:
D:5 Grinder


Message History

The centaur shoots an arrow.
The arrow closely misses you.
The centaur shoots an arrow.
The arrow hits you!
Casting: Flame Tongue
Confirm with . or Enter, or press ? or * to list all spells.
Aiming: Flame Tongue
Press: ? - help, Shift-Dir - straight line, f/p - centaur
Aim: a centaur, wielding a shortbow (heavily wounded)
The flame tongue hits the centaur.
The centaur is heavily wounded.
The centaur shoots an arrow.
The arrow hits you.
* * * LOW HITPOINT WARNING * * *
Casting: Flame Tongue
Confirm with . or Enter, or press ? or * to list all spells.
Aiming: Flame Tongue
Press: ? - help, Shift-Dir - straight line, f/p - centaur
Aim: a centaur, wielding a shortbow (heavily wounded)
The flame tongue hits the centaur.
The centaur is almost dead.
The centaur shoots an arrow.
The arrow hits you!
You die...

## .# ###.# .## ..?..
...! #.(c# ....######...#
.. .......#.#?###### .. .
...##...@....... # #. .
#.####.###.#### ..###.
.## #......# ..#####.....
#.. #...##.# #.#...( #..
#.# #..###.# ##(..# #.
#.###..# #.#####...# ##.
#.##...###.#.....#.# #..
######.#..#.......#####<#
#####.#
............##..###
#.###...5.#


You could see a centaur.

Vanquished Creatures
  2 scorpions (D:4)
  A howler monkey (D:4)
  2 hounds
  2 orc wizards
  An iguana (D:5)
  3 worker ants
  A hound skeleton (D:5)
  5 adders
  A shadow imp (D:3)
  2 oozes
  An adder zombie (D:6)
  3 worms (D:2)
  2 leopard geckos
  8 orcs
  3 bats
  5 giant cockroaches
  9 goblins
  8 hobgoblins
  5 jackals
  7 kobolds
  2 quokkas
  2 ball pythons
  4 frilled lizards
  5 rats
84 creatures vanquished.

Vanquished Creatures (others)
  A human (D:6)
1 creature vanquished.

Grand Total: 85 creatures vanquished

Notes
Turn   | Place    | Note
-------+----------+-------------------------------------------
     0 | D:1      | tilp the Hill Orc Fire Elementalist began the quest for the Orb.
     0 | D:1      | Reached XP level 1. HP: 14/14 MP: 3/3
   450 | D:1      | Reached XP level 2. HP: 20/20 MP: 2/4
   735 | D:1      | Reached XP level 3. HP: 22/26 MP: 0/5
  1022 | D:1      | Reached skill level 4 in Fire Magic
  1615 | D:2      | Reached XP level 4. HP: 26/33 MP: 1/7
  1638 | D:2      | Learned a level 2 spell: Throw Flame
  1642 | D:2      | Learned a level 3 spell: Conjure Flame
  2249 | D:3      | Found a hazy altar of Hepliaklqana.
  2718 | D:2      | Found a hide-covered altar of Uskayaw.
  3214 | D:4      | Reached XP level 5. HP: 34/38 MP: 5/8
  3505 | D:4      | Reached skill level 5 in Fire Magic
  3586 | D:4      | Reached XP level 6. HP: 45/45 MP: 6/10
  4098 | D:4      | Found a glowing golden altar of the Shining One.
  4099 | D:4      | Found a snail-covered altar of Cheibriados.
  4190 | D:4      | Learned a level 4 spell: Sticky Flame
  4573 | D:5      | Entered Level 5 of the Dungeon
  4775 | D:5      | Reached XP level 7. HP: 31/50 MP: 4/11
  5725 | D:5      | Found an ancient bone altar of Kikubaaqudgha.
  5775 | D:5      | Noticed Grinder
  6145 | D:6      | Found an ancient bone altar of Kikubaaqudgha.
  6145 | D:6      | Noticed a human
  6148 | D:6      | Killed a human
  6211 | D:6      | Shot with an arrow by a centaur

Vault maps used:
D:1:      dpeg_arrival_houses_and_road
D:2:      marbit_many_paths, st_stairs_8
D:3:      nicolae_overflow_crystal_walls
D:4:      old_standard_altar, hangedman_abyss_or_decor_jellyfish_corner,
          lemuel_statue_altar
D:5:      lemuel_coloured_pillars_altar, first_bread, uniq_grinder
D:6:      yredelemnul_forgotten_temple_becter, tgw_kikubaaqudgha

Skill      XL: |  1  2  3  4  5  6 |
---------------+-------------------+-----
Fire Magic     | 4 5 |  5.9
Conjurations   | 2 3 4 |  4.3
Spellcasting   | 2 3 |  3.2
Dodging        | |  1.5
Stealth        | |  1.5

Action                   |  1- 3 |  4- 6 |  7- 9 || total
-------------------------+-------+-------+-------++-------
Melee: Dagger            |    25 |       |    42 ||    67
       Short sword       |    24 |    85 |    47 ||   156
 Fire: Hunting sling     |       |    22 |       ||    22
 Cast: Flame Tongue      |    43 |    70 |    10 ||   123
       Throw Flame       |       |     2 |     2 ||     4
 Stab: Sleeping          |     2 |     2 |     2 ||     6
  Eat: Chunk             |     3 |    11 |     2 ||    16
       Royal jelly       |       |       |     1 ||     1
Armor: Robe              |     8 |    13 |    13 ||    34
Dodge: Dodged            |    39 |    64 |    39 ||   142

Table legend:
 A = Spawn XP
 B = Non-spawn XP
 C = Spawn XP percentage of total XP
 D = Spawn monster count
 E = Non-spawn monster count
 F = Spawn count percentage of total count
 G = Total turns spent on level
                    A         B        C        D         E        F      G
               +---------+---------+-------+---------+---------+-------+---------
         Total |       0 |     741 |   0.0 |       0 |      84 |   0.0 |  6211
               +---------+---------+-------+---------+---------+-------+---------
           D:1 |       0 |      46 |   0.0 |       0 |      24 |   0.0 |  1192
           D:2 |       0 |      55 |   0.0 |       0 |      14 |   0.0 |  1283
           D:3 |       0 |      93 |   0.0 |       0 |      16 |   0.0 |  1207
           D:4 |       0 |     345 |   0.0 |       0 |      19 |   0.0 |   970
           D:5 |       0 |     148 |   0.0 |       0 |       6 |   0.0 |  1287
           D:6 |       0 |      54 |   0.0 |       0 |       5 |   0.0 |   272
               +---------+---------+-------+---------+---------+-------+---------
